 Dungeon Crawl Stone Soup version 0.30.0-5-g1a98f26d00 (webtiles) character file.

Game seed: 15537856179371733743

220 gelatine the Firebug (level 5, -2/38 HPs)
             Began as a Demonspawn Fire Elementalist on May 8, 2023.
             Slain by a bullfrog (6 damage)
             ... on level 6 of the Dungeon.
             The game lasted 00:08:29 (2993 turns).

gelatine the Firebug (Demonspawn Fire Elementalist) Turns: 2993, Time: 00:08:29

Health: -2/38      AC:  2    Str:  9    XL:     5   Next: 64%
Magic:  0/9        EV: 12    Int: 18    God:
Gold:   93         SH:  0    Dex: 13    Spells: 6/9 levels left

rFire   . . .        j - +1 dagger (drain)
rCold   . . .        (no shield)
rNeg    . . .        a - +0 robe
rPois   .            (no helmet)
rElec   .            i - scarf {repulsion}
rCorr   .            (no gloves)
SInv    .            (no boots)
Will    .....        k - amulet of magic regeneration
Stlth   ++           (no ring)
HPRegen 0.26/turn    (no ring)
MPRegen 0.62/turn

%: repel missiles, guardian spirit
@: no status effects
A: powered by pain 1, magic shield, magic regeneration
a: no special abilities


You were on level 6 of the Dungeon.
You visited 1 branch of the dungeon, and saw 4 of its levels.

You collected 93 gold pieces.

Inventory:

Hand Weapons
 e - a +0 dagger
 j - a +1 dagger of draining (weapon)
 o - a +0 war axe
 q - a +0 hand axe
Armour
 a - a +0 robe (worn)
 i - a scarf of repulsion (worn)
Jewellery
 k - an amulet of magic regeneration (around neck)
Scrolls
 c - 2 scrolls of fog
 h - a scroll of immolation {unknown}
 m - a scroll of poison {unknown}
 n - 3 scrolls of teleportation
 s - 2 scrolls of magic mapping {unknown}
 t - a scroll of vulnerability {unknown}
Potions
 b - a potion of magic
 d - 3 potions of curing
 f - 2 potions of heal wounds
 g - 3 potions of might {unknown}
 l - a potion of flight
 p - a potion of resistance
 r - 2 potions of berserk rage
 u - a potion of lignification {unknown}


   Skills:
 * Level 1.6 Fighting
 + Level 0.3 Short Blades
 * Level 2.3 Dodging
 + Level 2.0 Stealth
 + Level 2.8 Spellcasting
 * Level 2.6 Conjurations
 * Level 4.0 Fire Magic


You had 6 spell levels left.
You knew the following spells:

 Your Spells              Type           Power      Damage    Failure   Level
a - Foxfire               Conj/Fire      56%        2x1d6     4%          1
b - Scorch                Fire           34%        2d6       4%          2

Your spell library contained the following spells:

 Spells                   Type           Power      Damage    Failure   Level
 Inner Flame              Hex/Fire       9%         N/A       22%         3
 Volatile Blastmotes      Fire/Tloc      18%        2d11      22%         3
 Flame Wave               Conj/Fire      14%        2d6       38%         4


Dungeon Overview and Level Annotations

Branches:
Dungeon (3/15)

Altars:

Shops:
D:3 [


Innate Abilities, Weirdness & Mutations

You sometimes gain a little power by taking damage.
When hurt, damage is shared between your health and your magic reserves.
You regenerate magic rapidly.


Message History

Confirm with . or Enter, or press ? or * to list all spells.
You conjure some foxfire!
You hit the sleepcap.
The sleepcap is severely damaged.
The foxfire hits the sleepcap.
The sleepcap is burned terribly!
The sleepcap is almost destroyed.
The foxfire hits the sleepcap but does no damage.
The sleepcap is almost destroyed.
The sleepcap releases spores at you!
You hit the sleepcap but do no damage.
The sleepcap is almost destroyed.
The sleepcap is no longer more vulnerable to fire.
The bullfrog hits you.
The sleepcap releases spores at you but does no damage.
Casting: Foxfire (safe; 4% risk of failure)
Confirm with . or Enter, or press ? or * to list all spells.
You conjure some foxfire!
The bullfrog hits you. The sleepcap releases spores at you.
You hit the sleepcap but do no damage.
The sleepcap is almost destroyed.
The foxfire hits the sleepcap.
You destroy the sleepcap!
The foxfire hits the bullfrog.
The bullfrog is lightly wounded.
The bullfrog hits you. x2
* * * LOW HITPOINT WARNING * * *
Casting: Foxfire (safe; 4% risk of failure)
Confirm with . or Enter, or press ? or * to list all spells.
You conjure some foxfire!
The bullfrog hits you.
* * * LOW HITPOINT WARNING * * *
You barely miss the bullfrog.
The bullfrog is lightly wounded.
The foxfire hits the bullfrog.
The bullfrog is moderately wounded.
The foxfire hits the bullfrog.
The bullfrog is heavily wounded.
The bullfrog hits you.
* * * LOW HITPOINT WARNING * * *
The bullfrog hits you.
You die...

###.ยง
....### #
.....#.#
##..#.#.#
#.......
#..#..# #
#.....###.###
#.F..........
#.@..........
#....###.###.
#....# #
#....# #....#
#....# #....#
.....#
##...##


You could see a bullfrog.

Vanquished Creatures
  2 howler monkeys
  A sleepcap (D:6)
  A gnoll (D:3)
  2 adders (D:2)
  A white imp (D:6)
  6 dart slugs
  An orc (D:3)
  6 endoplasms
  6 goblins
  8 hobgoblins
  15 jackals
  2 kobolds (D:1)
  3 quokkas
  A ball python (D:2)
  4 bats
  2 frilled lizards (D:1)
  6 rats (D:1)
67 creatures vanquished.

Vanquished Creatures (collateral kills)
  A foxfire (D:3)
1 creature vanquished.

Vanquished Creatures (others)
  257 foxfires
257 creatures vanquished.

Grand Total: 325 creatures vanquished

Notes
Turn   | Place    | Note
-------+----------+-------------------------------------------
     0 | D:1      | gelatine the Demonspawn Fire Elementalist began the quest
                  | for the Orb.
     0 | D:1      | Reached XP level 1. HP: 13/13 MP: 3/3
   103 | D:1      | Reached skill level 3 in Fire Magic
   166 | D:1      | Gained mutation: You sometimes gain a little power by
                  | taking damage. [demonic ancestry]
   166 | D:1      | Reached XP level 2. HP: 19/19 MP: 0/5
   936 | D:1      | Reached XP level 3. HP: 23/25 MP: 1/6
  1054 | D:1      | Learned a level 2 spell: Scorch
  2364 | D:2      | Gained mutation: You regenerate magic rapidly. [demonic
                  | ancestry]
  2364 | D:2      | Reached XP level 4. HP: 31/31 MP: 5/7
  2484 | D:3      | Reached skill level 1 in Fighting
  2654 | D:3      | Found Remikin's Antique Armour Emporium.
  2891 | D:3      | Gained mutation: When hurt, damage is shared between your
                  | health and your magic reserves. [demonic ancestry]
  2891 | D:3      | Reached XP level 5. HP: 37/37 MP: 4/8
  2961 | D:3      | You fall into a shaft and drop 3 floors!
  2977 | D:6      | Reached skill level 4 in Fire Magic
  2993 | D:6      | Slain by a bullfrog

Illustrated notes

Levels and vault maps discovered:
D:1:      sevenhm_arrival_forest_fort_large_2, layout_basic
D:2:      layout_loops_cross
D:3:      lemuel_castle_with_subvaults [lemuel_castle_interior_carwin_2],
          layout_loops_ring, serial_shops, shop, uniq_crazy_yiuf_cottage
D:6:      layout_basic

Skill      XL: |  1  2  3  4  5 |
---------------+----------------+-----
Fire Magic     | 3 4 |  4.0
Dodging        | 2 |  2.3
Stealth        | 2 |  2.0
Fighting       | 1 |  1.6
Conjurations   | 2 |  2.6
Short Blades   | |  0.3
Spellcasting   | |  2.8

Action                     |  1- 3 |  4- 6 || total
---------------------------+-------+-------++-------
  Melee: Dagger            |    27 |    18 ||    45
   Cast: Foxfire           |    97 |    64 ||   161
         Scorch            |     1 |    12 ||    13
    Use: Scroll            |       |     7 ||     7
         Potion            |       |     1 ||     1
 Armour: Robe              |     2 |     4 ||     6
  Dodge: Dodged            |    23 |    34 ||    57
         Repelled          |     1 |       ||     1
